 Dungeon Crawl Stone Soup version 0.24-a0-769-g368c1644f8 (webtiles) character file.

Game seed: 15639692588455597054, levelgen mode: deterministic

250 Peloso the Shield-Bearer (level 5, -7/47 HPs)
             Began as a Minotaur Fighter on Oct 4, 2019.
             Killed by nerve-wracking pain
             ... invoked by an orc priest
              (11 damage)
             ... on level 3 of the Dungeon.
             The game lasted 00:04:35 (2079 turns).

Peloso the Shield-Bearer (Minotaur Fighter)         Turns: 2079, Time: 00:04:36

Health: -7/47      AC:  8    Str: 20    XL:     5   Next: 88%
Magic:  4/4        EV:  8    Int:  5    God:
Gold:   147        SH: 10    Dex: 11    Spells: 4/4 levels left

rFire    . . .     SeeInvis .   a - +0 long sword
rCold    . . .     Gourm    .   c - +0 shield
rNeg     . . .     Faith    .   b - +0 scale mail
rPois    .         Spirit   .   (helmet restricted)
rElec    .         Reflect  .   (no cloak)
rCorr    .         Harm     .   (no gloves)
MR       .....                  (no boots)
Stlth    ..........             (no amulet)
HPRegen  0.15/turn              m - +1 ring of protection
MPRegen  0.09/turn              (no ring)

@: no status effects
A: retaliatory headbutt, horns 2
a: no special abilities


You were on level 3 of the Dungeon.
You were not hungry.

You visited 1 branch of the dungeon, and saw 3 of its levels.

You collected 147 gold pieces.

Inventory:

Hand Weapons
 a - a +0 long sword (weapon)
Armour
 b - a +0 scale mail (worn)
 c - a +0 shield (worn)
Jewellery
 m - a +1 ring of protection (left hand)
Wands
 l - a wand of digging (4)
Scrolls
 e - a scroll of fog {unknown}
 g - 2 scrolls of enchant weapon {unknown}
 h - a scroll of remove curse {unknown}
 i - 3 scrolls of identify {unknown}
 k - a scroll of fear {unknown}
 n - a scroll of immolation {unknown}
 o - a scroll of noise {unknown}
Potions
 d - a potion of might
 j - a potion of brilliance {unknown}
 p - a potion of cancellation {unknown}
Comestibles
 f - 7 rations


   Skills:
 + Level 4.4 Fighting
 + Level 4.3 Long Blades
 + Level 5.0 Armour
 + Level 1.3 Dodging
 + Level 0.1 Stealth
 + Level 5.2 Shields


You had 4 spell levels left.
You didn't know any spells.
Your spell library was empty.

Dungeon Overview and Level Annotations

Branches:
Dungeon (3/15)

Altars:
Dithmenos
Elyvilon


Innate Abilities, Weirdness & Mutations

You reflexively headbutt those who attack you in melee.
You have a pair of horns on your head.


Message History

The orc priest barely misses you.
Unknown command.
You barely miss the orc priest.
You headbutt the orc priest, but do no damage.
The orc priest is heavily wounded.
You block the orc priest's attack.
Unknown command.
You barely miss the orc priest. Your headbutt misses the orc priest.
The orc priest is heavily wounded.
The orc priest looks braver for a moment.
The orc priest hits you but does no damage.
You barely miss the orc priest.
The orc priest is heavily wounded.
The orc priest barely misses you.
The orc priest invokes the aid of Beogh against you.
Beogh smites you!
* * * LOW HITPOINT WARNING * * *
The orc priest invokes the aid of Beogh against you.
Pain shoots through your body!
You die...

..#.. ..#.. ..#
....###### ..#
#.!..#..# ...#
.....#..# ....#
#....@#####....#
#....#oK#oK....#
#######...oo#..o...#
#........#ooo.o.....
#........#..........
#.....######...#.#..
########......#
....# ..
#......#......#
....# .
#......#.....##
.....#


You could see 3 orc priests, 3 orcs and a kobold.

Vanquished Creatures
  Robin (D:2)
  12 gnolls
  5 adders
  An ooze (D:2)
  A worm (D:2)
  2 dart slugs (D:1)
  2 leopard geckos
  2 orcs (D:3)
  A giant cockroach (D:3)
  5 hobgoblins
  7 jackals
  A quokka (D:3)
  8 bats
  4 frilled lizards
  11 goblins
  4 kobolds
  9 rats
76 creatures vanquished.

Notes
Turn   | Place    | Note
-------+----------+-------------------------------------------
     0 | D:1      | Peloso the Minotaur Fighter began the quest for the Orb.
     0 | D:1      | Reached XP level 1. HP: 19/19 MP: 0/0
   138 | D:1      | Reached XP level 2. HP: 22/27 MP: 1/1
   356 | D:1      | Reached XP level 3. HP: 33/33 MP: 2/2
   882 | D:2      | Reached XP level 4. HP: 19/40 MP: 3/3
  1139 | D:2      | Found a white marble altar of Elyvilon.
  1392 | D:2      | Noticed Robin
  1395 | D:2      | Reached XP level 5. HP: 45/46 MP: 4/4
  1403 | D:2      | Killed Robin
  1862 | D:3      | Found a shadowy altar of Dithmenos.
  1873 | D:3      | Reached skill level 1 in Dodging
  1885 | D:3      | Reached skill level 5 in Shields
  1980 | D:3      | Reached skill level 5 in Armour
  2079 | D:3      | Killed from afar by an orc priest

Levels and vault maps discovered:
D:1:      minmay_arrival_four_circles, layout_loops_ring
D:2:      layout_basic, elyvilon_altar_1, first_ration, uniq_robin
D:3:      layout_basic, nicolae_dithmenos_through_a_glass_darkly,
          hangedman_decor_push, uniq_natasha

Skill      XL: |  1  2  3  4  5 |
---------------+----------------+-----
Shields        | 4 5 |  5.2
Fighting       | 4 |  4.4
Armour         | 4 5 |  5.0
Long Blades    | 3 4 |  4.3
Dodging        | 1 |  1.3
Stealth        | |  0.1

Action                   |  1- 3 |  4- 6 || total
-------------------------+-------+-------++-------
Melee: Long sword        |    81 |   127 ||   208
       Headbutt          |    16 |    27 ||    43
  Use: Potion            |       |     1 ||     1
  Eat: Chunk             |       |     4 ||     4
Armor: Scale mail        |    45 |    62 ||   107
Dodge: Dodged            |    30 |    45 ||    75
Block: Shield            |    60 |    88 ||   148
       Rpst.: Long sword |     9 |    13 ||    22

Table legend:
 A = Non-vault XP
 B = Vault XP
 C = Vault XP percentage of total XP
 D = Non-vault monster count
 E = Vault monster count
 F = Vault count percentage of total count
                 A         B        C        D         E       F
            +---------+---------+-------+---------+---------+-------
      Total |     325 |      33 |   9.2 |      65 |      11 |  14.5
            +---------+---------+-------+---------+---------+-------
        D:1 |      45 |       0 |   0.0 |      19 |       0 |   0.0
        D:2 |     149 |      33 |  18.1 |      27 |      11 |  28.9
        D:3 |     131 |       0 |   0.0 |      19 |       0 |   0.0
            +---------+---------+-------+---------+---------+-------
